 Crawl Stoat Soup version 0.23-s1-83-ge4b6b1a3c6 (console) character file.

207 ceb the Grave Robber (level 5, -5/45 HPs)
             Began as a Troll Necromancer on Jan 21, 2021.
             Killed by divine providence
             ... invoked by an orc priest
              (12 damage)
             ... on level 3 of the Dungeon.
             The game lasted 00:05:10 (2408 turns).

ceb the Grave Robber (Troll Necromancer)            Turns: 2408, Time: 00:05:11

Health: -5/45      AC:  5    Str: 16    XL:     5   Next: 54%
Magic:  1/5        EV: 10    Int: 12    God:
Gold:   173        SH:  0    Dex: 10    Spells: 4/6 levels left

rFire    . . .     SeeInvis .   (no weapon)
rCold    . . .     Gourm    +   (no shield)
rNeg     . . .     Faith    .   a - +0 robe
rPois    .         Spirit   .   r - +0 hat
rElec    .         Warding  .   (no cloak)
rCorr    .         Reflect  .   (gloves unavailable)
MR       .....     Harm     .   (boots unavailable)
Stlth    +.........             (no amulet)
HPRegen  0.55/turn              (no ring)
MPRegen  0.09/turn              (no ring)

@: no status effects
A: large, unfitting armour, claws 3, fast metabolism 3, gourmand, regeneration
1, shaggy fur 1, tough skin 2
a: no special abilities


You were on level 3 of the Dungeon.
You were very full.

You visited 1 branch of the dungeon, and saw 3 of its levels.

You collected 173 gold pieces.

Inventory:

Armour
 a - a +0 robe (worn)
 r - a +0 hat (worn)
Jewellery
 e - an uncursed amulet of guardian spirit {unknown}
 o - an uncursed ring of protection from fire {unknown}
 t - a cursed ring of flight {unknown}
Wands
 k - a wand of paralysis (9 charges)
 m - a wand of clouds (7 charges)
 u - a wand of acid (7 charges)
Scrolls
 h - 5 scrolls of identify {unknown}
 i - a scroll of enchant armour {unknown}
 j - a scroll of teleportation {unknown}
 n - a scroll of immolation {unknown}
 q - a scroll of fear {unknown}
 s - 2 scrolls of blinking {unknown}
Potions
 b - 2 potions of curing {unknown}
 f - 3 potions of flight {unknown}
 l - 2 potions of brilliance {unknown}
 p - 3 potions of agility {unknown}
Comestibles
 c - 6 bread rations
 d - a fruit
 g - 3 meat rations


   Skills:
 - Level 1.5 Dodging
 - Level 1.0 Stealth
 - Level 1.2 Spellcasting
 + Level 5.7 Necromancy


You had 4 spell levels left.
You knew the following spells:

 Your Spells              Type           Power        Failure   Level  Hunger
a - Pain                  Necr           ##..         2%          1    ##.....
b - Animate Skeleton      Necr           N/A          2%          1    ##.....

Your spell library contained the following spells:

 Spells                   Type           Power        Failure   Level  Hunger
 Vampiric Draining        Necr           ##........   9%          3    ####...
 Regeneration             Chrm/Necr      #.........   26%         3    ####...
 Animate Dead             Necr           N/A          28%         4    #####..


Dungeon Overview and Level Annotations

Branches:
Dungeon (3/15)

Altars:
Ru


Innate Abilities, Weirdness & Mutations

You are too large for most types of armour.
You have claws for hands.
Your metabolism is lightning-fast.
You like to eat raw meat.
Your natural rate of healing is unusually fast.
You are covered in fur. (AC +1)
You have very tough skin. (AC +2)


Message History

You don't have enough magic to cast that spell.
You claw the orc!
You kill the orc!
You closely miss the orc priest.
The orc priest is heavily wounded.
The orc priest hits you with a mace.
* * * LOW HITPOINT WARNING * * *
You closely miss the orc priest.
The orc priest is heavily wounded.
The orc priest barely misses you.
You scratch the orc priest but do no damage.
The orc priest is heavily wounded.
The orc priest barely misses you.
You scratch the orc priest.
The orc priest is almost dead.
You closely miss the orc priest.
The orc priest is almost dead.
The orc priest mumbles some strange prayers to Beogh against you.
Beogh smites you!
You die...

#.# #..#####.(.# #.# #.....o@...#
#.# #.....###..# #.#
#..#!.oo#..## #.#
###...##oo...### ####
###.#####...#..###.....#######...
......)(..####.###.#.#......##)..
...................<.............
.........#####.###.###.#######...
########## #.# #..##.# #... #.#
##..#.# #... .. ##.#.# ##... #.##
#.#.# #.... #..# #.#.# ##....
######.###...#####.....
#..................†...
###........###.##..#...##


You could see an orc priest.

Vanquished Creatures
  An orc wizard (D:3)
  A bullfrog skeleton (D:3)
  A gnoll (D:2)
  4 adders
  2 worms
  2 dart slugs
  A leopard gecko (D:2)
  4 orcs
  A ball python (D:2)
  3 giant cockroaches
  11 goblins
  6 hobgoblins
  8 kobolds
  2 bats (D:2)
  3 frilled lizards
  10 rats
60 creatures vanquished.

Vanquished Creatures (collateral kills)
  A gnoll (D:2)
  3 adders (D:2)
  A hobgoblin (D:1)
  2 weasels (D:2)
  A frilled lizard (D:2)
  A goblin (D:2)
9 creatures vanquished.

Grand Total: 69 creatures vanquished

Notes
Turn   | Place    | Note
-------+----------+-------------------------------------------
     0 | D:1      | ceb the Troll Necromancer began the quest for the Orb.
     0 | D:1      | Reached XP level 1. HP: 16/16 MP: 1/1
   117 | D:1      | Learned a level 1 spell: Animate Skeleton
   169 | D:1      | Reached XP level 2. HP: 24/24 MP: 2/2
   784 | D:2      | Reached skill level 4 in Necromancy
   813 | D:2      | Found a sacrificial altar of Ru.
   826 | D:2      | Reached XP level 3. HP: 31/31 MP: 3/3
  1111 | D:2      | Reached XP level 4. HP: 22/39 MP: 2/4
  1634 | D:2      | Reached skill level 5 in Necromancy
  1997 | D:3      | Reached XP level 5. HP: 24/45 MP: 5/5
  2408 | D:3      | Killed from afar by an orc priest

Vault maps used:
D:1:      dpeg_arrival_shrine
D:2:      wad_river_or_something, nicolae_ru_great_annihilating_truth,
          minmay_tiny_reverse_x

Skill      XL: |  1  2  3  4 |
---------------+-------------+-----
Necromancy     | 4 5 |  5.7
Dodging        | |  1.5
Stealth        | |  1.0
Spellcasting   | |  1.2

Action                   |  1- 3 |  4- 6 || total
-------------------------+-------+-------++-------
Melee: Unarmed           |    98 |   127 ||   225
 Cast: Animate Skeleton  |    10 |    11 ||    21
       Pain              |     7 |     9 ||    16
 Stab: Paralysed         |     1 |       ||     1
       Sleeping          |       |     1 ||     1
  Eat: Chunk             |    16 |    11 ||    27
Armor: Robe              |    34 |    28 ||    62
Dodge: Dodged            |    62 |    71 ||   133

Table legend:
 A = Spawn XP
 B = Non-spawn XP
 C = Spawn XP percentage of total XP
 D = Spawn monster count
 E = Non-spawn monster count
 F = Spawn count percentage of total count
 G = Total turns spent on level
                    A         B        C        D         E        F      G
               +---------+---------+-------+---------+---------+-------+---------
         Total |      15 |     282 |   5.1 |       6 |      63 |   8.7 |  2408
               +---------+---------+-------+---------+---------+-------+---------
           D:1 |       0 |      27 |   0.0 |       0 |      17 |   0.0 |   741
           D:2 |       6 |     133 |   4.3 |       4 |      35 |  10.3 |  1212
           D:3 |       9 |     122 |   6.9 |       2 |      11 |  15.4 |   455
               +---------+---------+-------+---------+---------+-------+---------
